AoeStats
← s m i f f y

Baltic

510589585Analyzed
2v2 RM · 10h ago on Oct 1, 2026· 31m 26s· 4 players
Game mode
Random Map
Map size
Medium (4 player)
Population
200
Speed
Normal
Resources
Standard
Victory
Conquest
Starting age
Dark Age
Ending age
Imperial Age
RankedLock teamsTeams togetherTeam positionsShared explorationLock speedFull tech treeHidden civsTurbo modeCheats
Victory
Defeat
🇬🇧 Varangians · United Kingdom
1205
+14
🇬🇧 Saxons · United Kingdom
1171
+16
🇸🇪 Danes · Sweden
1178
-15
🇬🇧 Varangians · United Kingdom
1157
-15
s m i f f y
4:43 Loom
12:31 Feudal Age
12:59 Double-Bit Axe
19:06 Castle Age
17:38 Fletching
18:29 Town Watch
20:07 Bodkin Arrow
25:16 Wheelbarrow
31:36 Imperial Age
29:35 Fishing Lines
30:31 Careening
30:32 Clinker Construction
30:44 Ballistics
MehTy
3:40 Loom
11:10 Feudal Age
19:46 Castle Age
20:13 Fletching
22:19 Double-Bit Axe
23:43 Bodkin Arrow
28:45 Fishing Lines
31:17 Gillnets
Emperor Correctus
8:49 Loom
10:54 Feudal Age
15:14 Castle Age
13:38 Double-Bit Axe
14:14 Horse Collar
18:28 Wheelbarrow
21:44 Fletching
22:49 Padded Archer Armor
23:09 Bow Saw
24:07 Heavy Plow
23:50 Crossbowman
24:36 Bodkin Arrow
27:06 Thumb Ring
28:04 Hand Cart
31:21 Leather Archer Armor
33:51 Imperial Age
31:43 Gambesons
31:46 Arson
BoonTricks
6:49 Loom
10:58 Feudal Age
15:12 Castle Age
13:38 Double-Bit Axe
16:07 Fletching
16:40 Bow Saw
16:11 Horse Collar
17:58 Medium Warships
17:59 Bodkin Arrow
22:44 Heavy Plow
28:45 Bloodlines
28:36 Husbandry
30:21 Scale Barding Armor
30:26 Forging
30:43 Gold Mining
Connection lost

Rejoining the realm…

Still unreachable

The connection could not be restored.

Session expired

The server has moved on; the page needs a fresh start.